 Dungeon Crawl Stone Soup version 0.31.0-11-ge490571c62 (webtiles) character file.

Game seed: 7830336049669708195

14 browni3141 the Trooper (level 2, 24/24 HPs)
             Began as a Demonspawn Fighter on Jan 31, 2024.
             Got out of the dungeon alive.
             The game lasted 00:00:13 (231 turns).

browni3141 the Trooper (Demonspawn Fighter)          Turns: 231, Time: 00:00:14

Health: 24/24      AC:  6    Str: 16    XL:     2   Next: 27%
Magic:  2/2        EV:  8    Int:  8    God:
Gold:   47         SH:  4    Dex: 12    Spells: 1/1 levels left

rFire   . . .        a - +0 flail
rCold   . . .        c - +0 buckler
rNeg    . . .        b - +0 scale mail
rPois   .            (no helmet)
rElec   .            (no cloak)
rCorr   .            (no gloves)
SInv    .            (no boots)
Will    .....        (no amulet) Stlth
                     (no ring)
HPRegen 0.24/turn    (no ring)
MPRegen 0.08/turn

%: no passive effects
@: no status effects
A: demonic guardian 1
a: no special abilities


You escaped.
You visited 1 branch of the dungeon, and saw 1 of its levels.

You collected 47 gold pieces.

Inventory:

Hand Weapons
 a - a +0 flail (weapon)
Armour
 b - a +0 scale mail (worn)
 c - a +0 buckler (worn)
Scrolls
 g - a scroll of poison {unknown}
Potions
 d - a potion of might
 e - a potion of degeneration {unknown}
 f - a potion of curing {unknown}


   Skills:
 + Level 3.2 Fighting
 + Level 2.0 Maces & Flails
 + Level 2.8 Armour
 + Level 2.9 Shields


You had one spell level left.
You didn't know any spells.
Your spell library was empty.

Dungeon Overview and Level Annotations

Branches:
Dungeon (1/15)

Altars:


Innate Abilities, Weirdness & Mutations

A weak demonic guardian rushes to your aid.


Message History

You kill the kobold!
You barely miss the hobgoblin. The hobgoblin hits you.
You closely miss the hobgoblin. The hobgoblin hits you.
The hobgoblin closely misses you.
You hit the hobgoblin but do no damage. The hobgoblin barely misses you.
You barely miss the hobgoblin. The hobgoblin hits you.
The hobgoblin hits you but does no damage.
You sock the hobgoblin!
You kill the hobgoblin!
You block the rat's attack.
You completely miss the rat. The rat bites you but does no damage.
You hit the rat.
You kill the rat!
You sock the kobold!
You kill the kobold!
Your Maces & Flails skill increases to level 2!
Items here: ( )) †††.
No target in view!
No target in view!
No target in view!
HP restored.
Found a stone staircase leading down.
e - a sedimented green potion You now have 47 gold pieces (gained 5).
f - a fuming orange potion
g - a scroll labelled GISETSO ZITOST No target in view!
No target in view!
No target in view!
A frilled lizard comes into view.
The frilled lizard hisses angrily.
A hobgoblin comes into view.
The hobgoblin shouts!
There are monsters nearby!
There are monsters nearby!
The frilled lizard bites you but does no damage.
You see here 8 gold pieces.
You closely miss the frilled lizard.
A kobold comes into view. It is wielding a +0 dagger.
The frilled lizard bites you but does no damage.
The kobold shouts!
You hit the frilled lizard.
You kill the frilled lizard!
The kobold hits you but does no damage.
The hobgoblin hits you but does no damage.
You have reached level 2!
Your demonic ancestry asserts itself...
You feel the presence of a demonic guardian.
You closely miss the hobgoblin. The kobold hits you but does no damage.
The hobgoblin hits you but does no damage.
An endoplasm comes into view.
The endoplasm quivers.
A bat comes into view.
The kobold hits you with a +0 dagger.
The hobgoblin hits you but does no damage.
You sock the hobgoblin!
You kill the hobgoblin!
The kobold hits you but does no damage. The bat closely misses you.
You closely miss the kobold. The bat hits you but does no damage.
The kobold barely misses you. You block the kobold's attack.
You sock the kobold!
You kill the kobold!
You block the bat's attack.
You hit the endoplasm.
The endoplasm is moderately wounded.
The bat closely misses you. The bat hits you but does no damage.
The endoplasm freezes you.
You are frozen.
The endoplasm freezes you.
You are frozen.
Things that are here:
a +0 dagger; a kobold corpse You sock the endoplasm!
You kill the endoplasm!
The bat closely misses you.
You closely miss the bat. The bat closely misses you.
You closely miss the bat. The bat hits you but does no damage.
The bat attacks as it pursues you! The bat closely misses you.
You block the bat's attack. The bat hits you but does no damage.
You see here 8 gold pieces.
You closely miss the bat. The bat hits you but does no damage.
You miss the bat. You block the bat's attack.
You miss the bat. The bat barely misses you.
You closely miss the bat. The bat misses you.
The bat hits you but does no damage. The bat hits you but does no damage. x2
You hit the bat but do no damage. The bat hits you but does no damage. x2
You sock the bat!
You kill the bat!
No target in view!
No target in view!
You see here a bat corpse.
You open the door.
There is an open door here.
As you open the door, it creaks loudly!
You can't go up here!
There is an open door here.
There is a staircase leading out of the dungeon here.
You have escaped!

#.####.#...#
#.#..#.#.#.########
#.#..#.#.#.....†...
#.#..#.#.##########
#...............
###'###.#........ #.#
#.....#.######### #.#
#.....#.. #.#
#..@..############## #..
#.# #.....###........)..
...#######.#
#.....#.........####
.........#.#
###'###..######.# #
.....#.....###.........#
#.# #
#............#'#####.#.#
#.# # ....##.#.###.....#
#...# #+# # ....†..#.#
##....# #.### ....)$.#.#
#....# #.#


There were no monsters in sight!

Vanquished Creatures
  A bat (D:1)
  An endoplasm (D:1)
  4 hobgoblins (D:1)
  A frilled lizard (D:1)
  3 kobolds (D:1)
  2 rats (D:1)
12 creatures vanquished.

Notes
Turn   | Place    | Note
-------+----------+-------------------------------------------
     0 | D:1      | browni3141 the Demonspawn Fighter began the quest for the
                  | Orb.
     0 | D:1      | Reached XP level 1. HP: 18/18 MP: 1/1
   192 | D:1      | Gained mutation: A weak demonic guardian rushes to your
                  | aid. [demonic ancestry]
   192 | D:1      | Reached XP level 2. HP: 24/24 MP: 2/2
   231 | D:$      | Got out of the dungeon alive.

Illustrated notes

Levels and vault maps discovered:
D:1:      minmay_arrival_checkered_box, layout_basic

Skill      XL: |  1 |
---------------+----+-----
Maces & Flails | 2 |  2.0
Fighting       | |  3.2
Armour         | |  2.8
Shields        | |  2.9

Action                     || total
---------------------------++-------
  Melee: Flail             ||    39
 Armour: Scale mail        ||    35
  Dodge: Dodged            ||    13
  Block: Buckler           ||    11
